 Dungeon Sprint DCSS version 0.29.1-4-g47bece8355 (webtiles) character file.

Game seed: 13585520179263225646

2700 Groucho the Unseen (level 9, 0/47 HPs)
             Began as a Spriggan Enchanter on Dec 11, 2022.
             Was an Elder of Dithmenos.
             Slain by a sixfirhy (10 damage)
             ... summoned by an orc high priest
             ... in the Dungeon (Sprint III: "The Ten Rune Challenge").
             The game lasted 00:05:42 (1380 turns).

Groucho the Unseen (Spriggan Enchanter)             Turns: 1380, Time: 00:05:42

Health: 0/47       AC:  3    Str:  8    XL:     9   Next: 38%
Magic:  19/24      EV: 24    Int: 22    God:    Dithmenos [****..]
Gold:   37         SH:  0    Dex: 16    Spells: 17/28 levels left

rFire   . . .      SeeInvis +   h - +2 dagger (venom)
rCold   . . .      Faith    .   (no shield)
rNeg    . . .      Spirit   .   b - +0 robe
rPois   .          Reflect  .   (helmet restricted)
rElec   .          Harm     .   l - +0 cloak
rCorr   .          Rampage  .   (gloves unavailable)
Will    +....      NoTele   +   (boots unavailable)
Stlth   +++++++++.              (no amulet)
HPRegen 0.15/turn               j - +6 ring of intelligence
MPRegen 0.19/turn               (no ring)

@: wreathed by umbra, very quick
A: very small, no large weapons, unfitting armour, see invisible, speed 3
a: Renounce Religion, Shadow Step


You were in the Dungeon.
You worshipped Dithmenos.
Dithmenos was greatly pleased with you.
You visited 1 branch You collected 37 gold pieces.

Inventory:

Hand Weapons
 a - a +1 dagger
 h - a +2 dagger of venom (weapon)
Armour
 b - a +0 robe (worn)
 l - a +0 cloak (worn)
Jewellery
 j - a +6 ring of intelligence (left hand)
Wands
 k - a wand of quicksilver (3)
Scrolls
 i - a scroll of blinking
 n - 3 scrolls of poison {unknown}
 o - 2 scrolls of identify {unknown}
 q - a scroll of immolation {unknown}
Potions
 c - a potion of invisibility
 d - 2 potions of curing
 e - a potion of heal wounds
 f - a potion of haste
 g - 2 potions of magic
 m - 4 potions of mutation {unknown}
 p - a potion of lignification {unknown}
 r - a potion of flight {unknown}
 s - a potion of berserk rage
 t - a potion of might


   Skills:
 + Level 5.5 Fighting
 * Level 10.6 Short Blades
 + Level 11.6 Dodging
 - Level 15.0 Stealth
 + Level 10.3 Spellcasting
 * Level 13.2 Hexes


You had 17 spell levels left.
You knew the following spells:

 Your Spells              Type           Power      Damage    Failure   Level
a - Ensorcelled Hibernat  Hex/Ice        80%        N/A       1%          2
b - Confusing Touch       Hex            62%        N/A       1%          3
c - Dazzling Flash        Conj/Hex       80%        N/A       1%          3
d - Tukima's Dance        Hex            62%        N/A       1%          3

Your spell library contained the following spells:

 Spells                   Type           Power      Damage    Failure   Level
 Summon Guardian Golem    Hex/Summ       40%        N/A       1%          3
 Orb of Destruction       Conj           5%         9d5       100%        7
 Spellforged Servitor     Conj/Summ      5%         N/A       100%        7


Dungeon Overview and Level Annotations

Branches:
Dungeon (1/1)

Altars:
Cheibriados
Dithmenos
Elyvilon
Fedhas
Gozag
Hepliaklqana
Kikubaaqudgha
Makhleb
Nemelex Xobeh
Okawaru
Qazlal
Ru
Sif Muna
Trog
Uskayaw
Vehumet
Wu Jian
Xom
Yredelemnul
Zin
The Shining One
Jiyva
Lugonu

Shops:
D =


Innate Abilities, Weirdness & Mutations

You are very small and have problems with some larger weapons.
You are too small for most types of armour.
You have supernaturally acute eyesight. (SInv)
You cover ground extremely quickly. (Speed+++)


Message History

The orc high priest starts to sing a prayer.
You see here 17 gold pieces.
You see here 13 gold pieces.
There is an open door to the Orcish Mines here.
Unknown command.
You start resting.
An orc warrior is nearby!
Cast which spell? (? or * to list)
Aiming: Ensorcelled Hibernation (safe; 1% risk of failure)
Press: ? - help, Shift-Dir - straight line, f - orc warrior
Aim: an orc warrior, wielding a +0 scimitar and wearing a +0 chain mail (umbra, chance to affect: 66%)
The orc warrior resists with significant effort.
Casting: Ensorcelled Hibernation (safe; 1% risk of failure)
Confirm with . or Enter, or press ? or * to list all spells.
Aiming: Ensorcelled Hibernation (safe; 1% risk of failure)
Press: ? - help, Shift-Dir - straight line, f/p - orc warrior
Aim: an orc warrior, wielding a +0 scimitar and wearing a +0 chain mail (umbra, chance to affect: 66%)
The orc warrior looks drowsy...
Casting: Ensorcelled Hibernation (safe; 1% risk of failure)
Confirm with . or Enter, or press ? or * to list all spells.
You can't see any susceptible monsters within range! (Use Z to cast anyway.) Unknown command.
The helpless orc warrior fails to defend itself.
You skewer the orc warrior like a kebab!!!!
You kill the orc warrior!
Dithmenos accepts your kill.
Your shadow now sometimes tangibly mimics your actions.
Unknown command.
Unknown command.
Things that are here:
a +0 scimitar; a +0 chain mail The sixfirhy attacks as you move away!
The sixfirhy misses you.
There is an open door here.
The sixfirhy hits you. The sixfirhy shocks you! The sixfirhy barely misses you.
There is an open door here.
The sixfirhy hits you. The sixfirhy shocks you!
* * * LOW HITPOINT WARNING * * *
The sixfirhy hits you!
You die...

▓▓▓▓▓▓▓ ▓▓▓ ▓▓ '.....♣♣
♣.############ 3$$ #..)...♣
♣♣.#___#___#__######∩o44 #.....♣♣
♣..#)..#__)#._#$...ooo..
#....~♣♣♣♣..###'#'###[##o3..oooo$
#...~~♣..♣♣.#..........#.oo..o..$
#..~~~~.....'.⌠.@3.....#$#$$#$o##
#..~≈≈~~~♣..#...######'#o#$##
#.~~≈~~~....#.⌠.#__#...#o########
#.~≈~~~.....#...#__#...#....#)#)#
#.~~~.......#'###__#...##.#.)#.##
#...........#.))#__#...'##3#.#.##
...........†#___#__'...#.).#..#..
▓▓▓▓▓▓▓▓▓▓▓▓▓▓▓▓▓▓▓▓▓▓▓▓▓▓▓▓▓▓▓▓▓


You could see a sixfirhy (summoned).

Vanquished Creatures
  Erolcha (D)
  A deep elf pyromancer (D)
  A shadow (D)
  A spatial vortex (D)
  An orc warrior (D)
  5 two-headed ogres (D)
  A water elemental (D)
  A necrophage (D)
  Crazy Yiuf (D)
  A jelly (D)
  A wizard (D)
  A necromancer (D)
  A kobold demonologist (D)
  3 humans (D)
  2 endoplasms (D)
  2 rats (D)
24 creatures vanquished.

Notes
Turn   | Place    | Note
-------+----------+-------------------------------------------
     0 | D        | Groucho the Spriggan Enchanter began the quest for the Orb.
     0 | D        | Reached XP level 1. HP: 9/9 MP: 5/5
    10 | D        | Reached skill level 5 in Stealth
   569 | D        | Reached skill level 7 in Stealth
   569 | D        | Reached XP level 2. HP: 13/13 MP: 6/8
   578 | D        | Noticed Crazy Yiuf
   585 | D        | Killed Crazy Yiuf
   586 | D        | Reached skill level 9 in Stealth
   586 | D        | Reached skill level 5 in Spellcasting
   586 | D        | Reached skill level 5 in Hexes
   586 | D        | Reached XP level 3. HP: 16/16 MP: 7/10
   634 | D        | Noticed a water elemental
   636 | D        | Killed a water elemental
   637 | D        | Reached skill level 11 in Stealth
   637 | D        | Reached XP level 4. HP: 21/21 MP: 11/13
   827 | D        | Found a shadowy altar of Dithmenos.
   827 | D        | Noticed a necrophage
   836 | D        | Killed a necrophage
   837 | D        | Reached skill level 1 in Fighting
   837 | D        | Reached XP level 5. HP: 25/25 MP: 15/15
   842 | D        | Reached skill level 12 in Stealth
  1156 | D        | Found a basalt altar of Yredelemnul.
  1156 | D        | Found a sacrificial altar of Ru.
  1162 | D        | Became a worshipper of Dithmenos the Shadowed
  1172 | D        | Learned a level 2 spell: Ensorcelled Hibernation
  1176 | D        | Learned a level 3 spell: Confusing Touch
  1180 | D        | Learned a level 3 spell: Dazzling Flash
  1184 | D        | Learned a level 3 spell: Tukima's Dance
  1184 | D        | Found a hide-covered altar of Uskayaw.
  1184 | D        | Found an iron altar of Okawaru.
  1185 | D        | Found a bloodstained altar of Trog.
  1185 | D        | Found an ornate altar of the Wu Jian Council.
  1185 | D        | Noticed a human
  1185 | D        | Noticed a human
  1187 | D        | Killed a human
  1188 | D        | Reached XP level 6. HP: 30/30 MP: 17/17
  1188 | D        | Killed a human
  1189 | D        | Reached skill level 5 in Short Blades
  1189 | D        | Reached skill level 13 in Stealth
  1199 | D        | Found a glowing silver altar of Zin.
  1200 | D        | Found a glowing golden altar of the Shining One.
  1200 | D        | Found a white marble altar of Elyvilon.
  1200 | D        | Noticed a deep elf pyromancer
  1202 | D        | Killed a deep elf pyromancer
  1202 | D        | Reached * piety under Dithmenos
  1203 | D        | Reached skill level 14 in Stealth
  1203 | D        | Reached skill level 10 in Hexes
  1203 | D        | Reached XP level 7. HP: 36/36 MP: 17/19
  1213 | D        | Found a radiant altar of Vehumet.
  1214 | D        | Found a shimmering blue altar of Sif Muna.
  1214 | D        | Found an ancient bone altar of Kikubaaqudgha.
  1235 | D        | Noticed a shadow
  1237 | D        | Killed a shadow
  1237 | D        | Reached ** piety under Dithmenos
  1238 | D        | Reached skill level 15 in Stealth
  1238 | D        | Reached XP level 8. HP: 42/42 MP: 19/21
  1243 | D        | Found a blossoming altar of Fedhas.
  1243 | D        | Found a stormy altar of Qazlal.
  1243 | D        | Found a snail-covered altar of Cheibriados.
  1243 | D        | Found a burning altar of Makhleb.
  1243 | D        | Found a shimmering altar of Xom.
  1299 | D        | Found a hazy altar of Hepliaklqana.
  1299 | D        | Found an opulent altar of Gozag.
  1299 | D        | Found a sparkling altar of Nemelex Xobeh.
  1299 | D        | Found a corrupted altar of Lugonu.
  1299 | D        | Found a viscous altar of Jiyva.
  1314 | D        | Reached skill level 10 in Dodging
  1315 | D        | Reached *** piety under Dithmenos
  1321 | D        | Noticed a two-headed ogre
  1324 | D        | Killed a two-headed ogre
  1329 | D        | Noticed a two-headed ogre
  1329 | D        | Noticed Erolcha
  1331 | D        | Killed Erolcha
  1332 | D        | Reached skill level 5 in Fighting
  1332 | D        | Reached skill level 10 in Short Blades
  1332 | D        | Reached skill level 10 in Spellcasting
  1332 | D        | Reached XP level 9. HP: 47/47 MP: 22/24
  1332 | D        | Killed a two-headed ogre
  1332 | D        | Reached **** piety under Dithmenos
  1354 | D        | Noticed an orc knight
  1354 | D        | Noticed an orc high priest
  1354 | D        | Noticed an orc sorcerer
  1354 | D        | Noticed an orc high priest
  1354 | D        | Noticed an orc high priest
  1354 | D        | Found Qag Ores's Jewellery Boutique.
  1355 | D        | Noticed a red devil
  1356 | D        | Noticed a sixfirhy
  1380 | D        | Slain by a sixfirhy

Illustrated notes

Levels and vault maps discovered:
D:        dungeon_sprint_mu [sprint_mu_entry_forest, sprint_mu_temple_rooms,
          sprint_mu_d1_spiders, sprint_mu_d2_genie, sprint_mu_d3_branching,
          sprint_mu_orc_legion, sprint_mu_elf_gauntlet, sprint_mu_hive_nellie,
          sprint_mu_lair_fedhas, sprint_mu_vaults_butterflies,
          sprint_mu_slime_circle, sprint_mu_shoals_archi,
          sprint_mu_snake_twists, sprint_mu_blade_basic,
          sprint_mu_crypt_chambers, sprint_mu_tomb_spiral,
          sprint_mu_vestibule_basic, sprint_mu_gehenna_hellfire,
          sprint_mu_dis_giant, sprint_mu_tartarus_statrot,
          sprint_mu_cocytus_islands, sprint_mu_zot1]

Skill      XL: |  1  2  3  4  5  6  7  8  9 |
---------------+----------------------------+-----
Stealth        | 7 9 11 12 14 15 | 15.0
Spellcasting   | 4 5 6 7 8 10 | 10.3
Hexes          | 4 5 6 7 8 10 12 13 | 13.2
Fighting       | 1 2 3 5 |  5.5
Short Blades   | 2 4 7 10 | 10.6
Dodging        | 4 6 8 9 11 | 11.6

Action                   |  1- 3 |  4- 6 |  7- 9 || total
-------------------------+-------+-------+-------++-------
Melee: Dagger            |    15 |    16 |    12 ||    43
 Cast: Ensorcelled Hiber |       |       |     2 ||     2
Invok: Shadow Step       |       |       |     1 ||     1
  Use: Potion            |     1 |     1 |       ||     2
 Stab: Sleeping          |     4 |     3 |    12 ||    19
       Invisible         |     1 |       |       ||     1
Armor: Robe              |       |     1 |       ||     1
Dodge: Dodged            |     4 |     6 |     3 ||    13
